 Dungeon Crawl Stone Soup version 0.30.0-29-ga12c61a403 (webtiles) character file.

Game seed: 1396305182468992465

28 AIAndy the Grave Robber (level 2, -3/19 HPs)
             Began as a Mummy Necromancer on June 6, 2023.
             Slain by a cerulean imp
             ... wielding a +1 spear
             ... summoned by Natasha
              (5 damage)
             ... on level 2 of the Dungeon.
             The game lasted 00:07:14 (1759 turns).

AIAndy the Grave Robber (Mummy Necromancer)         Turns: 1759, Time: 00:07:15

Health: -3/19      AC:  2    Str: 11    XL:     2   Next: 96%
Magic:  2/6        EV: 12    Int: 14    God:
Gold:   88         SH:  0    Dex: 12    Spells: 6/7 levels left

rFire   . . .        f - +0 dagger
rCold   + . .        (no shield)
rNeg    + + +        a - +0 robe
rPois   ∞            (no helmet)
rElec   .            (no cloak)
rCorr   .            (no gloves)
SInv    .            (no boots)
Will    .....        (no amulet)
Stlth   ++           d - ring of protection from fire
HPRegen 0.23/turn    (no ring)
MPRegen 0.10/turn

%: faith
@: no status effects
A: cold resistance 1, negative energy resistance 3, torment resistance 2, heat
vulnerability 1, no potions, faith
a: no special abilities


You were on level 2 of the Dungeon.
You visited 1 branch of the dungeon, and saw 2 of its levels.

You collected 88 gold pieces.

Inventory:

Hand Weapons
 f - a +0 dagger (weapon)
Missiles
 b - 30 stones
Armour
 a - a +0 robe (worn)
Jewellery
 d - a ring of protection from fire (left hand)
Scrolls
 c - a scroll of immolation {unknown}
 e - a scroll of identify
 g - 2 scrolls of blinking
 h - a scroll of summoning {unknown}
 i - a scroll of vulnerability {unknown}


   Skills:
 - Level 1.5 Dodging
 - Level 1.5 Stealth
 + Level 3.3 Spellcasting
 + Level 4.6 Necromancy


You had 6 spell levels left.
You knew the following spells:

 Your Spells              Type           Power      Damage    Failure   Level
a - Necrotise             Necr           60%        1d7       3%          1

Your spell library contained the following spells:

 Spells                   Type           Power      Damage    Failure   Level
 Vampiric Draining        Necr           15%        2d7       9%          3
 Animate Dead             Necr           15%        N/A       30%         4
 Agony                    Necr           15%        N/A       63%         5


Dungeon Overview and Level Annotations

Branches:
Dungeon (2/15)

Altars:

Annotations:
D:2 Natasha


Innate Abilities, Weirdness & Mutations

You are immune to poison.
Your flesh is cold resistant. (rC+)
You are immune to negative energy. (rN+++)
You are immune to unholy pain and torment.
You are vulnerable to heat. (rF-)
You do not drink.
You have a special connection with the divine. (Faith)


Message History

Aim: Natasha (chance to affect: 72%) Natasha writhes in agony.
Natasha closely misses you.
A kobold comes into view. It is wielding a +0 short sword.
Casting: Necrotise (safe; 3% risk of failure)
Confirm with . or Enter, or press ? or * to list all spells.
Aiming: Necrotise (safe; 3% risk of failure)
Press: ? - help, Shift-Dir - straight line, f/p - Natasha
Aim: Natasha (heavily wounded, chance to affect: 72%) Natasha writhes in agony.
Natasha drinks a potion.
Natasha is healed!
Casting: Necrotise (safe; 3% risk of failure)
Confirm with . or Enter, or press ? or * to list all spells.
Aiming: Necrotise (safe; 3% risk of failure)
Press: ? - help, Shift-Dir - straight line, f/p - Natasha
Aim: Natasha (moderately wounded, chance to affect: 72%) Natasha writhes in agony.
Natasha claws you.
Natasha mumbles some strange words.
The kobold attacks as you move away!
The kobold hits you with a +0 short sword.
Natasha attacks as you move away! Natasha closely misses you.
The kobold attacks as you move away!
The kobold hits you with a +0 short sword.
* * * LOW HITPOINT WARNING * * *
Casting: Necrotise (safe; 3% risk of failure)
Confirm with . or Enter, or press ? or * to list all spells.
Aiming: Necrotise (safe; 3% risk of failure)
Press: ? - help, Shift-Dir - straight line, f/p - Natasha
Aim: Natasha (heavily wounded, chance to affect: 72%) Natasha writhes in agony.
Natasha mumbles some strange words.
Natasha shimmers violently.
Natasha drinks a potion.
Natasha is healed!
The cerulean imp hits you from afar with a +1 spear.
* * * LOW HITPOINT WARNING * * *
As you read the scroll labelled HIRAUT ABAODY, it crumbles to dust.
It is a scroll of identify.
g - 2 scrolls of blinking Natasha claws you.
* * * LOW HITPOINT WARNING * * *
The cerulean imp hits you from afar with a +1 spear.
You die...

#####.# #....).# . ##....
######.# . ..... #.# ......
#.###########
......###########.##........#
..............>...##.#####.##
#.......5K........# #.#
#.#######h#####.#.# #.#
#.#######@#####.#.###.#
#.............#.#..##.#
#########.###.#.##.##.#
#........# #.#.##.##.#
#.######.# #.#.##.##.# #<#
#.#.##.##.#
.######.###.#.##.##.#
......!.....#.##.##.#
#######.#####.##.##.#


You could see Natasha, a cerulean imp (summoned) and a kobold.

Vanquished Creatures
  4 bats
  4 endoplasms
  A giant cockroach (D:1)
  5 goblins
  A hobgoblin (D:2)
  A kobold (D:2)
  2 quokkas (D:2)
  3 ball pythons
  2 rats
23 creatures vanquished.

Vanquished Creatures (collateral kills)
  A rat (D:2)
1 creature vanquished.

Grand Total: 24 creatures vanquished

Notes
Turn   | Place    | Note
-------+----------+-------------------------------------------
     0 | D:1      | AIAndy the Mummy Necromancer began the quest for the Orb.
     0 | D:1      | Reached XP level 1. HP: 13/13 MP: 4/4
   901 | D:2      | Reached XP level 2. HP: 19/19 MP: 2/5
  1745 | D:2      | Noticed Natasha
  1759 | D:2      | Slain by a cerulean imp

Illustrated notes

Levels and vault maps discovered:
D:1:      dpeg_arrival_snail, layout_basic
D:2:      layout_basic, uniq_natasha

Skill      XL: |  1  2 |
---------------+-------+-----
Spellcasting   | 3 |  3.3
Dodging        | |  1.5
Stealth        | |  1.5
Necromancy     | |  4.6

Action                     || total
---------------------------++-------
  Melee: Dagger            ||     6
   Cast: Necrotise         ||    51
    Use: Scroll            ||     1
 Armour: Robe              ||     4
  Dodge: Dodged            ||     9
